 Dungeon Crawl Stone Soup version 0.25.1-2-g60ff931df9 (webtiles) character file.

Game seed: 2363872124137332419

4732 Impeuri the Fighter (level 10, -11/82 HPs)
             Began as a Demonspawn Fighter on Aug 24, 2020.
             Was a Believer of Dithmenos.
             Mangled by an orc knight
             ... wielding a +0 war axe
              (34 damage)
             ... in a bailey.
             The game lasted 00:18:21 (10306 turns).

Impeuri the Fighter (Demonspawn Fighter)           Turns: 10306, Time: 00:18:22

Health: -11/82     AC:  7    Str: 14 (16) XL:     10   Next: 22%
Magic:  10/10      EV: 23    Int:  9      God:    Dithmenos [**....]
Gold:   447        SH:  0    Dex: 27      Spells: 9/9 levels left

rFire    + . .     SeeInvis .   H - +5 falchion
rCold    . . .     Gourm    .   (no shield)
rNeg     . . .     Faith    .   G - +3 leather armour
rPois    .         Spirit   .   (helmet restricted)
rElec    .         Reflect  .   (no cloak)
rCorr    .         Harm     .   n - +0 pair of gloves
MR       .....                  (no boots)
Stlth    ++++++....             (no amulet)
HPRegen  0.23/turn              B - +6 ring of dexterity
MPRegen  0.12/turn              s - +4 ring of evasion

@: mighty, hasted, wreathed by umbra, very quick
A: horns 1, thin skeletal structure 3, demonic guardian 1, dopey 1, fire
resistance 1
a: Shadow Step, Renounce Religion


You were in a bailey.
You worshipped Dithmenos.
Dithmenos was pleased with you.
You were not hungry.

You visited 2 branches of the dungeon, and saw 9 of its levels.
You also visited: Ossuary and Bailey.

You collected 447 gold pieces.

Inventory:

Hand Weapons
 H - a +5 falchion (weapon)
Missiles
 p - 59 poisoned darts (quivered)
Armour
 n - a +0 pair of gloves (worn)
 G - a +3 leather armour (worn)
Jewellery
 g - a +6 ring of strength
 j - a +6 ring of strength
 s - a +4 ring of evasion (right hand)
 B - a +6 ring of dexterity (left hand)
 L - an uncursed ring of ice
Wands
 t - a wand of polymorph (3)
 K - a wand of random effects (24)
Scrolls
 b - a scroll of magic mapping
 c - a scroll of torment {unknown}
 e - 10 scrolls of remove curse
 i - 6 scrolls of teleportation {unknown}
 k - a scroll of amnesia {unknown}
 l - 3 scrolls of immolation {unknown}
 m - 11 scrolls of identify
 r - 4 scrolls of enchant armour {unknown}
 x - a scroll of enchant weapon {unknown}
 y - 2 scrolls of fear {unknown}
 C - 4 scrolls of blinking {unknown}
 D - a scroll of fog {unknown}
 E - a scroll of brand weapon {unknown}
 F - a scroll of vulnerability {unknown}
 J - a scroll of noise {unknown}
Potions
 d - 3 potions of might
 h - a potion of magic {unknown}
 o - a potion of curing
 u - 3 potions of resistance
 v - a potion of brilliance
 w - a potion of stabbing
Comestibles
 f - 25 rations


   Skills:
 + Level 8.8 Fighting
 + Level 7.8 Long Blades
 - Level 2.8 Armour
 + Level 7.4 Dodging
 + Level 4.5 Stealth
   Level 2.6 Shields


You had 9 spell levels left.
You didn't know any spells.
Your spell library contained the following spells:

 Spells                   Type           Power        Failure   Level  Hunger
 Animate Skeleton         Necr           N/A          45%         1    ##.....
 Apportation              Tloc           #.....       45%         1    ##.....
 Corona                   Hex            #......      45%         1    ##.....
 Infusion                 Chrm           #...         45%         1    ##.....
 Sting                    Tmut/Pois      #...         45%         1    ##.....
 Summon Small Mammal      Summ           #...         45%         1    ##.....
 Poisonous Vapours        Pois/Air       #.....       58%         2    ###....
 Shroud of Golubria       Chrm/Tloc      #.....       58%         2    ###....
 Song of Slaying          Chrm           #.......     58%         2    ###....
 Ignite Poison            Fire/Tmut/Pois #.......     83%         3    ####...
 Mephitic Cloud           Conj/Pois/Air  #.......     83%         3    ####...
 Ozocubu's Armour         Chrm/Ice       #.......     83%         3    ####...
 Spectral Weapon          Hex/Chrm       #.......     83%         3    ####...
 Olgreb's Toxic Radiance  Pois           #.......     99%         4    #####..


Dungeon Overview and Level Annotations

Branches:
Dungeon (8/15)             Temple (1/1) D:7         Ossuary (visited)
 Bailey (1/1)
   Lair: D:8-11

Altars:
Ashenzari
Cheibriados
Dithmenos
Elyvilon
Fedhas
Gozag
Hepliaklqana
Kikubaaqudgha
Makhleb
Nemelex Xobeh
Okawaru
Qazlal
Ru
Sif Muna
Trog
Uskayaw
Vehumet
Xom
Yredelemnul
The Shining One


Innate Abilities, Weirdness & Mutations

You have a pair of small horns on your head.
You have an unnaturally thin skeletal structure. (Dex +6, Stealth++)
A weak demonic guardian rushes to your aid.
You are dopey. (Int -2)
Your flesh is heat resistant. (rF+)


Message History

The orc warrior goes into a battle-frenzy!
You hit the orc knight. You headbutt the orc knight!
The orc knight is almost dead.
The orc knight hits you with a +0 battleaxe.
* * * LOW HITPOINT WARNING * * *
You closely miss the orc knight. You headbutt the orc knight.
The orc knight is almost dead.
The orc warlord completely misses you.
You barely miss the orc knight. You headbutt the orc knight!
You kill the orc knight!
Dithmenos accepts your kill.
You feel your dexterity returning.
Okay, then.
Throwing (i - inventory)
p - 60 poisoned darts (quivered)
Press: ? - help, Shift-Dir - straight line, f - orc knight
Aim: an orc knight, wielding a +0 war axe and wearing a cursed +0 scale mail (strong, umbra)
You throw a poisoned dart. The poisoned dart hits the orc knight.
The orc knight is poisoned.
The orc knight hits you with a +0 war axe!!
You die...

#))..)......#.........
#.).........#.........
###)........###........
###.#'#.....###.###.....#
###.....###.###....
###.###
##.........###......
###.)
#..........8##og.... #...
#.........58#og..... #.).
#∩....⌠...5@oooo.... #..)
#..........8#oo..... #...
#..........8##...... #...
##.....))..###......
###.. ###...))###.###....
###.###
###.#'#.....###.###.....#
###.........###.......)
#...........#........)
#...........#........)


You could see an orc warlord (strong), an orc knight (strong, poisoned), 5 orc
warriors, a gnoll, an orc (strong), a goblin, a friendly quasit (summoned) and a
friendly ufetubus (summoned).

Vanquished Creatures
  An orc knight (Bailey)
  A hippogriff (D:7)
  Grinder (D:4)
  A spriggan (D:7)
  Duvessa (D:6)
  A phantom (D:5)
  7 orc warriors (Bailey)
  2 sky beasts (D:7)
  2 centaurs
  An ogre (D:7)
  An elf zombie (Ossuary)
  4 bullfrogs
  3 scorpions
  Dowan (D:6)
  4 wights (D:6)
  A crimson imp (D:5)
  A bullfrog zombie (D:6)
  2 orc priests (D:7)
  3 hounds
  2 jellies
  3 orc wizards
  Ijyb (D:4)
  A human zombie (Ossuary)
  2 gnoll shamans (D:6)
  2 iguanas (D:6)
  6 worker ants
  A big kobold zombie (Ossuary)
  2 mummies (Ossuary)
  46 gnolls
  11 adders
  A howler monkey skeleton (D:6)
  2 oozes
  An adder zombie (Ossuary)
  An adder skeleton (D:4)
  2 worms
  2 dart slugs
  4 leopard geckos
  32 orcs
  3 giant cockroaches
  20 hobgoblins
  13 jackals (D:6)
  2 quokkas
  A ball python (D:2)
  5 bats
  A frilled lizard (D:2)
  29 goblins
  2 goblin zombies (Ossuary)
  7 hobgoblin zombies (Ossuary)
  A jackal zombie (Ossuary)
  7 kobolds
  11 kobold zombies (Ossuary)
  5 orc zombies (Ossuary)
  7 rats
  A rat zombie (Ossuary)
275 creatures vanquished.

Vanquished Creatures (collateral kills)
  An ogre (D:6)
  3 bullfrogs
  A gnoll sergeant (D:6)
  2 orc wizards
  A hound skeleton (D:8)
  3 gnolls (D:6)
  An adder zombie (Ossuary)
  An orc (D:8)
  2 goblins (Bailey)
  A jackal (D:6)
  A hobgoblin zombie (Ossuary)
  A kobold zombie (Ossuary)
  2 orc zombies (Ossuary)
20 creatures vanquished.

Vanquished Creatures (others)
  A gnoll (D:6)
1 creature vanquished.

Grand Total: 296 creatures vanquished

Notes
Turn   | Place    | Note
-------+----------+-------------------------------------------
     0 | D:1      | Impeuri the Demonspawn Fighter began the quest for the Orb.
     0 | D:1      | Reached XP level 1. HP: 18/18 MP: 1/1
   188 | D:1      | Gained mutation: You have a somewhat thin skeletal
                  | structure. (Dex +2, Stealth) [demonic ancestry]
   188 | D:1      | Reached XP level 2. HP: 24/24 MP: 2/2
   972 | D:2      | Reached skill level 1 in Dodging
   972 | D:2      | Reached XP level 3. HP: 27/29 MP: 3/3
  1267 | D:2      | Reached XP level 4. HP: 36/37 MP: 4/4
  1432 | D:2      | Gained mutation: You are dopey. (Int -2) [potion of
                  | mutation]
  1432 | D:2      | Gained mutation: Your flesh is heat resistant. (rF+)
                  | [potion of mutation]
  2001 | D:2      | Reached skill level 4 in Fighting
  2150 | D:3      | Gained mutation: You have a moderately thin skeletal
                  | structure. (Dex +4, Stealth+) [demonic ancestry]
  2150 | D:3      | Reached XP level 5. HP: 42/42 MP: 5/5
  2707 | D:3      | Found a shimmering altar of Xom.
  2707 | D:3      | Found a shimmering altar of Xom.
  2708 | D:3      | Found a shimmering altar of Xom.
  2731 | D:3      | Found a shimmering altar of Xom.
  2731 | D:3      | Found a shimmering altar of Xom.
  2739 | D:3      | Found a shimmering altar of Xom.
  2740 | D:3      | Found a shimmering altar of Xom.
  2904 | D:4      | Noticed Ijyb
  2919 | D:4      | Killed Ijyb
  2983 | D:4      | Gained mutation: A weak demonic guardian rushes to your
                  | aid. [demonic ancestry]
  2983 | D:4      | Reached XP level 6. HP: 44/49 MP: 6/6
  3237 | D:4      | Reached skill level 5 in Fighting
  3327 | D:4      | Noticed Grinder
  3335 | D:4      | Killed Grinder
  3335 | D:4      | Reached XP level 7. HP: 42/56 MP: 7/7
  4237 | D:5      | Entered Level 5 of the Dungeon
  4253 | D:5      | Found a basalt altar of Yredelemnul.
  4421 | D:5      | Found a sand-covered staircase.
  4429 | Ossuary  | Entered an ossuary
  4596 | Ossuary  | Reached skill level 5 in Long Blades
  4881 | D:5      | Reached skill level 6 in Fighting
  5013 | D:5      | Gained mutation: You have a pair of small horns on your
                  | head. [demonic ancestry]
  5013 | D:5      | Reached XP level 8. HP: 64/64 MP: 8/8
  5362 | D:6      | Noticed Duvessa
  5363 | D:6      | Noticed Dowan
  5372 | D:6      | Killed Dowan
  5378 | D:6      | Killed Duvessa
  5738 | D:6      | Reached skill level 5 in Dodging
  6366 | D:6      | Reached skill level 7 in Fighting
  7048 | D:6      | Gained mutation: You have an unnaturally thin skeletal
                  | structure. (Dex +6, Stealth++) [demonic ancestry]
  7048 | D:6      | Reached XP level 9. HP: 72/72 MP: 9/9
  7309 | D:6      | Reached skill level 1 in Stealth
  7679 | D:7      | Found a staircase to the Ecumenical Temple.
  7692 | Temple   | Entered the Ecumenical Temple
  7897 | Temple   | Became a worshipper of Dithmenos the Shadowed
  8419 | D:7      | Reached skill level 8 in Fighting
  9200 | D:8      | Found a shattered altar of Ashenzari.
  9202 | D:8      | Found a flagged portal.
  9222 | D:8      | Got an ichor-stained mace
  9224 | D:8      | Identified the +2 mace "Utyhik" {elec, MR+} (You found it
                  | on level 8 of the Dungeon)
  9284 | Bailey   | Entered a bailey
  9302 | Bailey   | Reached * piety under Dithmenos
  9891 | Bailey   | Reached XP level 10. HP: 37/82 MP: 10/10
  9916 | Bailey   | Reached ** piety under Dithmenos
 10278 | Bailey   | Noticed an orc warlord
 10278 | Bailey   | Noticed an orc knight
 10279 | Bailey   | Noticed an orc knight
 10305 | Bailey   | Killed an orc knight
 10306 | Bailey   | Mangled by an orc knight

Illustrated notes

Levels and vault maps discovered:
D:1:      saegor_arrival_simple_c, layout_loops_corners, serial_bayou_ford_a
D:2:      layout_loops_cross, first_ration, st_stairs_8,
          hangedman_decor_peaks_small
D:3:      layout_loops_ring, xom_redecorated
D:4:      layout_layer_cave, serial_bayou_pond_a, minmay_starry_boxes,
          uniq_grinder, uniq_ijyb
D:5:      layout_loops_ring, lightli_ossuary_entry_decrepit_ruins, basic_altar
D:6:      lemuel_castle_with_subvaults [lemuel_castle_interior_carwin_1],
          layout_basic, lemuel_another_geyser, uniq_duvessa
D:7:      layout_basic, minmay_temple_entry_proselytizer, the_bakery
D:8:      layout_rooms, gammafunk_temple_overflow_elements, basic_altar,
          enter_bailey_3
Temple:   regret_index_temple_chain_breaker
Bailey:   bailey_axe_minmay_hex_keep, bailey

Skill      XL: |  1  2  3  4  5  6  7  8  9 |
---------------+----------------------------+-----
Long Blades    | 2 3 4 5 6 7 |  7.8
Dodging        | 1 2 3 4 5 7 |  7.4
Fighting       | 4 5 6 7 8 |  8.8
Stealth        | 4 |  4.5
Armour         | |  2.8
Shields        | |  2.6

Action                   |  1- 3 |  4- 6 |  7- 9 | 10-12 || total
-------------------------+-------+-------+-------+-------++-------
Melee: Long sword        |    75 |   133 |   358 |       ||   566
       Headbutt          |       |       |   145 |    17 ||   162
       Falchion          |       |       |   187 |    41 ||   228
Throw: Dart              |       |     6 |    11 |     1 ||    18
Evoke: Wand              |       |       |       |     1 ||     1
  Use: Potion            |       |     3 |    12 |     5 ||    20
       Scroll            |       |       |     3 |       ||     3
 Stab: Sleeping          |       |     2 |    11 |       ||    13
       Distracted        |       |     1 |     5 |       ||     6
  Eat: Chunk             |     1 |     7 |    22 |     1 ||    31
Armor: Scale mail        |    49 |    47 |    72 |       ||   168
       Skin              |       |    31 |       |       ||    31
       Leather armour    |       |       |    22 |     3 ||    25
Dodge: Dodged            |    62 |    86 |   557 |    45 ||   750
Block: Kite shield       |    12 |       |       |       ||    12
       Rpst.: Long sword |    20 |    32 |   117 |       ||   169
       Falchion          |       |       |    72 |    16 ||    88
